 Seeded DCSS version 0.29-a0-982-gaed3a0c8d8 (webtiles) character file.

Game seed: 15676811684642805069 (custom seed)

302 mathmaestro the Grave Robber (level 6, 14/46 (47) HPs)
             Began as a Demonspawn Necromancer on July 31, 2022.
             Quit the game on level 4 of the Dungeon on Aug 1, 2022.
             The game lasted 00:09:41 (4130 turns).

mathmaestro the Grave Robber (DsNe)                 Turns: 4130, Time: 00:09:41

HP:   14/46 (47)    AC:  4    Str:  8    XL:     6   Next: 14%
MP:   11/11         EV: 12    Int: 18    God:
Gold: 239           SH:  6    Dex: 14    Spells: 4/12 levels left

rFire   . . .      SeeInvis .   d - +0 short sword
rCold   . . .      Faith    .   (no shield)
rNeg    . . .      Spirit   .   a - +0 robe
rPois   .          Reflect  .   r - +0 helmet
rElec   .          Harm     .   n - +0 cloak
rCorr   .          Rampage  .   (no gloves)
Will    .....                   (no boots)
Stlth   ++........              (no amulet)
HPRegen 0.15/turn               (no ring)
MPRegen 0.12/turn               (no ring)

@: lightly drained
A: large bone plates 2, demonic guardian 1
a: no special abilities


You were on level 4 of the Dungeon.
You visited 2 branches of the dungeon, and saw 5 of its levels.

You collected 239 gold pieces.

Inventory:

Hand Weapons
 d - a +0 short sword (weapon)
Missiles
 x - 2 javelins
Armour
 a - a +0 robe (worn)
 n - a +0 cloak (worn)
 r - a +0 helmet (worn)
Jewellery
 y - an amulet of guardian spirit
Wands
 v - a wand of flame (25)
Scrolls
 c - a scroll of immolation {unknown}
 g - a scroll of magic mapping {unknown}
 h - 6 scrolls of identify {unknown}
 j - a scroll of silence {unknown}
 l - 2 scrolls of fear {unknown}
 o - a scroll of noise {unknown}
 s - a scroll of acquirement {unknown}
 t - a scroll of summoning {unknown}
 z - a scroll of fog {unknown}
Potions
 b - a potion of magic
 e - 2 potions of mutation {unknown}
 f - 5 potions of curing
 i - a potion of heal wounds {unknown}
 k - a potion of haste {unknown}
 m - 3 potions of flight {unknown}
 p - a potion of lignification {unknown}
 q - a potion of berserk rage {unknown}
 u - a potion of invisibility {unknown}
 w - a potion of brilliance {unknown}


   Skills:
 + Level 3.2 Fighting
 - Level 2.0 Dodging
 - Level 2.0 Stealth
 + Level 3.6 Spellcasting
 + Level 5.9 Necromancy


You had 4 spell levels left.
You knew the following spells:

 Your Spells              Type           Power      Damage    Failure   Level
a - Necrotise             Necr           96%        1d8       1%          1
b - Vampiric Draining     Necr           24%        2d7       4%          3
c - Animate Dead          Necr           24%        N/A       13%         4

Your spell library contained the following spells:

 Spells                   Type           Power      Damage    Failure   Level
 Agony                    Necr           24%        N/A       36%         5
 Fireball                 Conj/Fire      1%         3d3       99%         5
 Starburst                Conj/Fire      1%         6d3       100%        6
 Ignition                 Fire           1%         3d3       100%        8


Dungeon Overview and Level Annotations

Branches:
Dungeon (4/15)             Temple (1/1) D:4

Altars:
Cheibriados
Fedhas
Gozag
Makhleb
Okawaru
Ru
Trog
Vehumet
Wu Jian
Yredelemnul

Annotations:
D:3 Grinder


Innate Abilities, Weirdness & Mutations

You are mostly covered in large bone plates. (SH +6)
A weak demonic guardian rushes to your aid.


Message History

The necrophage is moderately damaged.
You block the necrophage's attack.
You hit the necrophage but do no damage.
The necrophage is moderately damaged.
You block the necrophage's attack.
You hit the necrophage.
The necrophage is moderately damaged.
The necrophage hits you.
You hit the necrophage.
The necrophage is heavily damaged.
The necrophage hits you.
You feel drained.
You hit the necrophage but do no damage.
The necrophage is heavily damaged.
The necrophage misses you.
You hit the necrophage.
The necrophage is heavily damaged.
The necrophage hits you.
Aiming: Throw Flame
Press: ? - help, Shift-Dir - straight line, f - necrophage
Aim: a necrophage (heavily damaged, 68% to hit)
The puff of flame hits the necrophage!
The necrophage is severely damaged.
The necrophage misses you.
Aiming: Throw Flame
Press: ? - help, Shift-Dir - straight line, f/p - necrophage
Aim: a necrophage (severely damaged, 68% to hit)
The puff of flame hits the necrophage.
The necrophage is almost destroyed.
The necrophage hits you.
You feel drained.
Aiming: Throw Flame
Press: ? - help, Shift-Dir - straight line, f/p - necrophage
Aim: a necrophage (almost destroyed, 68% to hit)
The puff of flame hits the necrophage.
You destroy the necrophage!
You have reached level 6!
Your demonic ancestry asserts itself...
You feel the presence of a demonic guardian.
Sorry, you're not good enough to have a special ability.
Unknown command.
Are you sure you want to abandon this character and quit the game? (Confirm with "yes".)

.......###...# ##......#.#
.....### #...## #[....###.#
.....# ##..†## #...###...#
###..# #.#..#### ###.#........
##.... #.##....# #....)##..>..
######...#####.###.###..#.....
#..#####..##.# ##.##...#
#......##.##.# #...#.### ##.
#.@J....###...#.#.. ##
#####...##..#.....#
#......###.#..# ##...###
#....# #....... ..#..#
#....##..##....# .......
......... #...##### ###.####
#... ##.####


You could see an endoplasm.

Vanquished Creatures
  A necrophage (D:4)
  A howler monkey (D:4)
  Ijyb (D:3)
  An iguana (D:4)
  Robin (D:3)
  5 adders
  A worm (D:2)
  An orc (D:3)
  7 endoplasms
  2 giant cockroaches (D:4)
  7 hobgoblins
  2 jackals (D:1)
  3 quokkas (D:3)
  5 ball pythons
  8 bats
  2 frilled lizards (D:1)
  14 goblins
  8 kobolds
  3 rats
73 creatures vanquished.

Vanquished Creatures (collateral kills)
  An adder (D:2)
  3 goblins
  2 hobgoblins (D:4)
  A jackal (D:1)
  A ball python (D:2)
  A rat (D:2)
9 creatures vanquished.

Grand Total: 82 creatures vanquished

Notes
Turn   | Place    | Note
-------+----------+-------------------------------------------
     0 | D:1      | mathmaestro the Demonspawn Necromancer began the quest for
                  | the Orb.
     0 | D:1      | Reached XP level 1. HP: 13/13 MP: 3/3
   253 | D:1      | Upgraded the game from 0.29-a0-973-gac7da5f7f0 to
                  | 0.29-a0-982-gaed3a0c8d8
   747 | D:1      | Gained mutation: You are partially covered in large bone
                  | plates. (SH +4) [demonic ancestry]
   747 | D:1      | Reached XP level 2. HP: 20/20 MP: 3/5
  1364 | D:1      | Reached skill level 1 in Fighting
  1647 | D:2      | Reached XP level 3. HP: 26/26 MP: 4/6
  1651 | D:2      | Learned a level 3 spell: Vampiric Draining
  2156 | D:2      | Reached skill level 5 in Necromancy
  2576 | D:3      | Reached XP level 4. HP: 33/33 MP: 6/8
  2581 | D:3      | Learned a level 4 spell: Animate Dead
  2889 | D:3      | Noticed Robin
  2899 | D:3      | Killed Robin
  3146 | D:3      | Noticed Grinder
  3220 | D:3      | Found a faded altar of an unknown god.
  3328 | D:3      | Noticed Ijyb
  3339 | D:3      | Killed Ijyb
  3340 | D:3      | Gained mutation: You are mostly covered in large bone
                  | plates. (SH +6) [demonic ancestry]
  3340 | D:3      | Reached XP level 5. HP: 27/39 MP: 0/9
  4051 | D:4      | Found a staircase to the Ecumenical Temple.
  4075 | Temple   | Entered the Ecumenical Temple
  4130 | D:4      | Gained mutation: A weak demonic guardian rushes to your
                  | aid. [demonic ancestry]
  4130 | D:4      | Reached XP level 6. HP: 14/46 MP: 11/11
  4130 | D:4      | Quit the game

Illustrated notes

Levels and vault maps discovered:
D:1:      minmay_arrival_widening_spiral_narrow, layout_basic, serial_forest,
          infiniplex_forest_straight_5, infiniplex_forest_clump_small,
          infiniplex_forest_end_2, infiniplex_forest_3_way,
          infiniplex_forest_straight_3, infiniplex_forest_straight_2,
          infiniplex_forest_lined_2, grunt_decor_resistance
D:2:      layout_basic, hangedman_feature_mirror, guppyfry_early_lair_pool
D:3:      layout_loops_ring, chequers_ecumenical_altar_island,
          minmay_crystal_room, uniq_robin, uniq_ijyb, uniq_grinder
D:4:      layout_rooms, led_sif_pool, minmay_temple_entry_slanted,
          kennysheep_cross_bottleneck
Temple:   hellmonk_temple_two_chambers

Skill      XL: |  1  2  3  4  5 |
---------------+----------------+-----
Stealth        | 2 |  2.0
Dodging        | 2 |  2.0
Fighting       | 1 2 3 |  3.2
Necromancy     | 5 |  5.9
Spellcasting   | 3 |  3.6

Action                   |  1- 3 |  4- 6 || total
-------------------------+-------+-------++-------
Melee: Short sword       |     9 |    37 ||    46
 Cast: Necrotise         |    72 |    69 ||   141
Evoke: Wand              |       |     3 ||     3
 Stab: Distracted        |     1 |       ||     1
       Sleeping          |       |     1 ||     1
Armor: Robe              |     4 |    12 ||    16
Dodge: Dodged            |    13 |    40 ||    53
Block: Other             |     2 |    16 ||    18

Table legend: (Time is in decaauts)
 A = Elapsed time spent in this place.
 B = Non-inter-level travel time spent in this place.
 C = Inter-level travel time spent in this place.
 D = Time resting spent in this place.
 E = Time spent auto-exploring this place.
 F = Levels seen in this place.
 G = Mean time per level.
                   A        B        C        D        E       F      G
               +--------+--------+--------+--------+--------+-----+--------+
         Total |   4141 |   3970 |    171 |    494 |   2705 |   5 |  828.2 |
       Dungeon |   4123 |   3957 |    166 |    494 |   2695 |   4 | 1030.8 |
        Temple |     17 |     12 |      5 |      0 |     10 |   1 |   17.0 |
               +--------+--------+--------+--------+--------+-----+--------+

Top non-repeatable levels by time:
     D:1: 1601 daAuts
     D:3: 1171 daAuts
     D:2: 1058 daAuts
     D:4: 292 daAuts
  Temple: 17 daAuts
